 Dungeon Crawl Stone Soup version 0.24-a0-201-gf2055891f0 (webtiles) character file.

Game seed: 4034888234057045811

3453 Orphidia the Martial Artist (level 9, -7/75 HPs)
             Began as a Green Draconian Transmuter on Mar 22, 2019.
             Mangled by a hippogriff (8 damage)
             ... on level 8 of the Dungeon.
             The game lasted 00:20:12 (8652 turns).

Orphidia the Martial Artist (DrTm)                  Turns: 8652, Time: 00:20:13

Health: -7/75      AC:  2    Str: 13    XL:     9   Next: 78%
Magic:  9/12       EV: 19    Int: 16    God:
Gold:   441        SH:  0    Dex: 20    Spells: 1/12 levels left

rFire    . . .     SeeInvis .     - Unarmed
rCold    . . .     Gourm    .   (shield currently unavailable)
rNeg     . . .     Faith    .   (armour unavailable)
rPois    x         Spirit   .   (helmet currently unavailable)
rElec    .         Reflect  .   (cloak currently unavailable)
rCorr    .         Harm     .   (gloves currently unavailable)
MR       .....                  (boots currently unavailable)
Stlth    ++........             (no amulet)
HPRegen  0.22/turn              d - +3 ring of intelligence
MPRegen  0.13/turn              (no ring)

@: spider-form
A: tiny, (breathe noxious fumes), unfitting armour, AC +7
a: End Transformation


You were on level 8 of the Dungeon.
You were not hungry.
You were a venomous arachnid creature.
You visited 1 branch of the dungeon, and saw 8 of its levels.
You also visited: Sewer.

You collected 441 gold pieces.


Innate Abilities, Weirdness & Mutations

((You can breathe blasts of noxious fumes.))
((Your lurid green scales are hard. (AC +7)))
You cannot fit into any form of body armour.
((Your system is resistant to poisons. (rPois)))
((You are cold-blooded and may be slowed by cold attacks.))


   Skills:
 - Level 6.2 Fighting
 - Level 1.7 Dodging
 + Level 10.0 Unarmed Combat
 - Level 2.0 Spellcasting
 + Level 8.8 Transmutations


You had one spell level left.
You knew the following spells:

 Your Spells              Type           Power        Failure   Level  Hunger
b - Blink                 Tloc           N/A          52%         2    ###....
A - Beastly Appendage     Tmut           ####..       3%          1    #......
B - Blade Hands           Tmut           ####......   34%         5    ######.
C - Spider Form           Tmut/Pois      ###.......   24%         3    ###....

Your spell library contained the following spells:

 Spells                   Type           Power        Failure   Level  Hunger
 Apportation              Tloc           #.....       41%         1    #......
 Magic Dart               Conj           #...         41%         1    #......
 Summon Butterflies       Summ           #.......     41%         1    #......
 Sticks to Snakes         Tmut           ####....     4%          2    ###....
 Call Imp                 Summ           #.......     52%         2    ###....
 Slow                     Hex            #.......     52%         2    ###....
 Ice Form                 Ice/Tmut       ###.....     54%         4    #####..
 Conjure Flame            Conj/Fire      #.......     73%         3    ###....
 Lesser Beckoning         Tloc           #.........   73%         3    ###....
 Mephitic Cloud           Conj/Pois/Air  #.......     73%         3    ###....
 Tukima's Dance           Hex            #.......     73%         3    ###....
 Alistair's Intoxication  Tmut/Pois      ###.....     85%         5    ######.
 Invisibility             Hex            #.......     100%        6    #######

Action                   |  1- 3 |  4- 6 |  7- 9 || total
-------------------------+-------+-------+-------++-------
Melee: Unarmed           |   137 |   162 |   435 ||   734
       Tailslap          |     9 |     9 |    24 ||    42
       Headbutt          |     8 |     5 |    19 ||    32
       Punch             |     1 |     3 |     7 ||    11
       Kick              |     5 |    12 |    19 ||    36
Throw: Tomahawk          |       |     2 |       ||     2
 Cast: Beastly Appendage |    11 |    13 |    19 ||    43
       Spider Form       |       |     7 |    19 ||    26
 Abil: Breathe Noxious F |       |       |     5 ||     5
       End Transformatio |       |       |     1 ||     1
Evoke: Wand              |       |       |     2 ||     2
  Use: Scroll            |     2 |     3 |    11 ||    16
       Potion            |     1 |     2 |     3 ||     6
 Stab: Sleeping          |     1 |     1 |     2 ||     4
       Confused          |       |       |     5 ||     5
  Eat: Chunk             |     2 |     9 |    10 ||    21
       Ration            |       |       |     3 ||     3
Armor: Skin              |    54 |    44 |    85 ||   183
Dodge: Dodged            |    96 |   100 |   291 ||   487

Inventory:

Missiles
 f - 17 tomahawks (quivered)
Armour
 a - a +0 hat (melded)
 u - a +2 cloak (melded)
Jewellery
 d - a +3 ring of intelligence (left front leg)
 w - an uncursed amulet of magic regeneration {unknown}
Wands
 n - a wand of polymorph (11)
 p - a wand of digging (7)
 t - a wand of iceblast (8)
 v - a wand of acid (16)
Scrolls
 b - 4 scrolls of remove curse
 j - a scroll of teleportation
Potions
 e - 7 potions of mutation
 g - 3 potions of brilliance {unknown}
 h - 2 potions of flight
 i - a potion of agility
 k - 2 potions of curing
 l - a potion of might
 m - a potion of heal wounds {unknown}
 o - a potion of lignification {unknown}
 q - 2 potions of invisibility {unknown}
 r - a potion of degeneration {unknown}
 s - a potion of resistance
Comestibles
 c - 10 rations
 x - 8 chunks of flesh {@w1}

##.## #.##..##
#.# #.# #.##.##
#.# #.#
#.##.#####.#
#.#####
#..........#
#.....#
####.#######
#####.#
#########.# #.#
#..)...).># #.#
#.####.####
.#####.####.# #s#
............# #H#
.#####.####.#
##.## #.# #.#
#...# #.#
#.###...#####...
#..
..........o..o..
...
................
≈≈≈
...........###.##
≈≈ ≈.≈≈.......#


You could see a hippogriff.

Vanquished Creatures
  Sigmund (D:5)
  A yak (D:8)
  Eustachio (D:6)
  An orc warrior (D:6)
  A sky beast (D:6)
  Purgy (Sewer)
  A phantom (D:5)
  2 wolves (D:8)
  An eye of draining (D:8)
  A necrophage (D:6)
  3 centaurs
  Blork the orc (D:4)
  A bullfrog (D:7)
  4 scorpions
  3 killer bees (D:7)
  A howler monkey (D:4)
  9 wights (D:7)
  An electric eel (D:8)
  2 crimson imps (D:5)
  A bullfrog zombie (D:5)
  A hound (D:4)
  A quasit (D:6)
  4 orc priests
  A jelly (D:5)
  Crazy Yiuf (D:4)
  Jessica (D:3)
  A bullfrog skeleton (D:4)
  2 iguanas
  10 orc wizards
  4 worker ants
  Ijyb (D:3)
  A hound zombie (D:8)
  A howler monkey zombie (D:8)
  4 gnolls (D:5)
  12 adders
  3 shadow imps
  An ufetubus (D:8)
  2 adder skeletons
  3 worms
  3 dart slugs
  An adder simulacrum (D:8)
  8 leopard geckos
  21 orcs
  2 ball pythons
  11 bats
  5 giant cockroaches
  12 goblins
  4 hobgoblins
  3 jackals (D:5)
  3 quokkas
  9 frilled lizards
  A jackal skeleton (D:5)
  17 kobolds
  A quokka skeleton (D:7)
  6 rats
198 creatures vanquished.

Levels and vault maps discovered:
D:1:      tarquinn_simple_flora_water_b, layout_rooms
D:2:      layout_basic, first_ration, minmay_tromino_i4
D:3:      minmay_recursive_quarters, layout_loops_ring, minmay_cut_off,
          uniq_grinder, uniq_jessica, uniq_ijyb
D:4:      layout_gridville, nicolae_ru_path_of_blood, uniq_crazy_yiuf_cottage,
          uniq_blork_the_orc
D:5:      layout_rooms, lemuel_crystal_altar,
          chequers_temple_overflow_statue_of_worship, portal_sewer_entry_d,
          uniq_sigmund
D:6:      layout_basic, uniq_eustachio
D:7:      layout_loops_ring, palyth_temple_overflow_mages,
          lemuel_temple_firewalk_b, gammafunk_ghost_wrathful_warriors,
          uniq_joseph, uniq_harold
D:8:      layout_loops_ring, erik_lair_island, serial_ice, serial_ice_i,
          serial_ice_m, serial_ice_g, serial_ice_f, enter_ossuary_5
Sewer:    kennysheep_door_sewer


Message History

You hit the hippogriff.
The hippogriff looks as sick as possible!
The hippogriff is heavily wounded.
The hippogriff bites you. The hippogriff barely misses you.
The hippogriff misses you.
You barely miss the hippogriff.
The hippogriff is heavily wounded.
The hippogriff bites you.
* * * LOW HITPOINT WARNING * * *
The hippogriff closely misses you. The hippogriff claws you.
* * * LOW HITPOINT WARNING * * *
You bite the hippogriff!
The hippogriff looks as sick as possible!
The hippogriff is severely wounded.
The hippogriff bites you!
* * * LOW HITPOINT WARNING * * *
The hippogriff pecks you.
* * * LOW HITPOINT WARNING * * *
The hippogriff claws you!
You die...

Notes
Turn   | Place    | Note
-------+----------+-------------------------------------------
     0 | D:1      | Orphidia the Draconian Transmuter began the quest for the
                  | Orb.
     0 | D:1      | Reached XP level 1. HP: 16/16 MP: 3/3
   338 | D:1      | Reached XP level 2. HP: 21/23 MP: 5/5
   352 | D:1      | Learned a level 2 spell: Sticks to Snakes
   850 | D:2      | Reached skill level 4 in Unarmed Combat
   850 | D:2      | Reached XP level 3. HP: 7/28 MP: 6/6
  1444 | D:2      | Reached XP level 4. HP: 14/35 MP: 7/7
  1773 | D:2      | Learned a level 3 spell: Spider Form
  1978 | D:3      | Noticed Jessica
  2129 | D:3      | Killed Jessica
  2193 | D:3      | Reached skill level 5 in Unarmed Combat
  2201 | D:3      | Reached XP level 5. HP: 35/40 MP: 8/8
  2354 | D:3      | Noticed Ijyb
  2368 | D:3      | Killed Ijyb
  2381 | D:3      | Noticed Grinder
  3336 | D:4      | Reached XP level 6. HP: 40/47 MP: 4/9
  3343 | D:4      | Reached skill level 6 in Unarmed Combat
  3703 | D:4      | Found a sacrificial altar of Ru.
  3778 | D:4      | Noticed Blork the orc
  3799 | D:4      | HP: 1/47 [something/magic dart (10)]
  3800 | D:4      | Killed Blork the orc
  3800 | D:4      | Your scales start taking on a lurid green colour.
  3800 | D:4      | Reached XP level 7. HP: 1/52 MP: 5/10
  3800 | D:4      | Gained mutation: Your system is resistant to poisons.
                  | (rPois) [Green Draconian growth]
  4146 | D:4      | Found a runed translucent door.
  4147 | D:4      | Noticed Crazy Yiuf
  4157 | D:4      | Killed Crazy Yiuf
  4157 | D:4      | Reached skill level 7 in Unarmed Combat
  4706 | D:5      | Entered Level 5 of the Dungeon
  4733 | D:5      | Reached skill level 5 in Transmutations
  4759 | D:5      | Found a hazy altar of Hepliaklqana.
  4759 | D:5      | Found a basalt altar of Yredelemnul.
  4829 | D:5      | Found a stormy altar of Qazlal.
  4858 | D:5      | Found a glowing drain.
  4874 | Sewer    | Entered a sewer
  5062 | Sewer    | Noticed Purgy
  5068 | Sewer    | Killed Purgy
  5068 | Sewer    | Reached skill level 8 in Unarmed Combat
  5166 | Sewer    | Learned a level 5 spell: Blade Hands
  5231 | D:5      | Noticed Sigmund
  5240 | D:5      | Killed Sigmund
  5240 | D:5      | Reached XP level 8. HP: 51/59 MP: 7/11
  5986 | D:6      | Noticed Eustachio
  6046 | D:6      | Killed Eustachio
  6046 | D:6      | Reached skill level 5 in Fighting
  6456 | D:6      | Learned a level 2 spell: Blink
  6820 | D:7      | Reached XP level 9. HP: 75/75 MP: 8/12
  7180 | D:7      | Found a bloodstained altar of Trog.
  7180 | D:7      | Noticed PeterQ's ghost (novice GnWn)
  7180 | D:7      | Noticed a moth of wrath
  7182 | D:7      | Found a transporter.
  7183 | D:7      | Identified the cursed +0 quarterstaff of Punishment {vamp,
                  | +Rage rN+ Int-4}
  7324 | D:7      | Found a transporter.
  7376 | D:7      | Reached skill level 9 in Unarmed Combat
  7391 | D:7      | Noticed Harold
  7803 | D:7      | Found an ancient bone altar of Kikubaaqudgha.
  7819 | D:7      | Found a radiant altar of Vehumet.
  7835 | D:7      | Found a deep blue altar of Sif Muna.
  7922 | D:7      | Noticed Joseph
  8285 | D:8      | Identified a scroll of acquirement
  8628 | D:8      | Reached skill level 10 in Unarmed Combat
  8652 | D:8      | HP: 1/75 [hippogriff (3)]
  8652 | D:8      | Mangled by a hippogriff
